 Dungeon Crawl Stone Soup version 0.30-a0-930-gb9d0489357 (webtiles) character file.

Game seed: 13652027624250248477

24425 mopl the Geomancer (level 12, -5/91 HPs)
             Began as a Green Draconian Earth Elementalist on Mar 22, 2023.
             Was a High Priest of Vehumet.
             Slain by a sun demon (10 damage)
             ... on level 1 of the Orcish Mines on Mar 23, 2023.
             The game lasted 00:30:22 (13678 turns).

mopl the Geomancer (DrEE)                          Turns: 13678, Time: 00:30:23

Health: -5/91      AC: 11    Str: 13    XL:     12   Next: 80%
Magic:  5/25       EV: 13    Int: 21    God:    Vehumet [*****.]
Gold:   1265       SH:  0    Dex: 12    Spells: 0/29 levels left

rFire   + . .      SeeInvis +    a - staff of earth "Diqevull" {rF+ SInv}
rCold   . . .      Faith    .    (no shield)
rNeg    . . .      Spirit   .    (body armour unavailable)
rPois   +          Reflect  .    (helmet restricted)
rElec   .          Rampage  .    A - scarf {harm}
rCorr   +          Harm     + .  U - +1 pair of gloves {Stlth+}
Will    .....                    l - +0 pair of boots
Stlth   +++                      h - amulet of regeneration
HPRegen 1.15/turn                M - ring "Jeisuoth" {Ice rCorr Str+3}
MPRegen 0.19/turn                t - ring of fire

@: marked
A: breathe noxious fumes, AC +8, unfitting armour, poison resistance,
cold-blooded
a: Breathe Noxious Fumes, Renounce Religion


You were on level 1 of the Orcish Mines.
You worshipped Vehumet.
Vehumet was extremely pleased with you.
You visited 4 branches of the dungeon, and saw 15 of its levels.
You also visited: Bailey.

You collected 1265 gold pieces.

Inventory:

Hand Weapons
 N - the +7 great mace "Firestarter" {flame, inner flame, rFlCloud rF++}
   (You found it on level 8 of the Dungeon)

   rFlCloud:  It grants immunity to clouds of flame.
   rF:        It greatly protects you from fire.
 P - a +2 rapier of venom
 S - the +8 trident of Focus {venom, rF++ Str-2 Int+3}
   (You found it on level 10 of the Dungeon)

   Str:       It affects your strength (-2).
   Int:       It affects your intelligence (+3).
   rF:        It greatly protects you from fire.
 T - a +4 scimitar of flaming
 V - the +4 rapier of Guilt {drain, rElec rPois rC+ Dex+3}
   (You found it on level 10 of the Dungeon)

   Dex:       It affects your dexterity (+3).
   rC:        It protects you from cold.
   rElec:     It insulates you from electricity.
   rPois:     It protects you from poison.
Missiles
 d - 86 poisoned darts
 f - 5 curare-tipped darts
 J - 2 throwing nets
Armour
 l - a +0 pair of boots (worn)
 A - a scarf of harm (worn)
 U - a +1 pair of gloves of stealth (worn)
Magical Staves
 a - the staff of earth "Diqevull" (weapon) {rF+ SInv}
   (You found it on level 2 of the Dungeon)

   [staff of earth]

   Base accuracy: +5 Base damage: 5 Base attack delay: 1.2 This weapon's minimum
   attack delay (0.6) is reached at skill level 12.
   rF:        It protects you from fire.
   SInv:      It lets you see invisible.
   It falls into the 'Staves' category.
   It is a one-handed weapon.
 e - a staff of cold
 x - the staff of fire "Fom Tuw" {rF+ Will++ SInv}
   (You found it on level 4 of the Dungeon)

   [staff of fire]

   Base accuracy: +5 Base damage: 5 Base attack delay: 1.2 This weapon's minimum
   attack delay (0.6) is reached at skill level 12.
   rF:        It protects you from fire.
   SInv:      It lets you see invisible.
   Will:      It greatly increases your willpower.
   It falls into the 'Staves' category.
   It is a one-handed weapon.
 E - a staff of conjuration
Jewellery
 h - an amulet of regeneration (around neck)
 t - a ring of fire (right hand)
 M - the ring "Jeisuoth" (left hand) {Ice rCorr Str+3}
   (You found it in a bailey)

   [ring of ice]

   It enhances your ice magic.
   Str:       It affects your strength (+3).
   rF:        It makes you vulnerable to fire.
   rC:        It protects you from cold.
   rCorr:     It protects you from acid and corrosion.
Wands
 G - a wand of digging (9)
 I - a wand of paralysis (12)
 Y - a wand of iceblast (6)
Scrolls
 g - 2 scrolls of vulnerability {unknown}
 j - 3 scrolls of magic mapping {unknown}
 k - 3 scrolls of amnesia {unknown}
 n - 4 scrolls of teleportation {unknown}
 p - 5 scrolls of fog {unknown}
 q - 2 scrolls of brand weapon {unknown}
 u - 2 scrolls of torment {unknown}
 v - 3 scrolls of noise {unknown}
 w - 3 scrolls of enchant weapon {unknown}
 y - 2 scrolls of enchant armour {unknown}
 z - 6 scrolls of blinking {unknown}
 B - 2 scrolls of immolation {unknown}
 D - 2 scrolls of summoning {unknown}
 L - 2 scrolls of fear {unknown}
 Z - 3 scrolls of poison {unknown}
Potions
 b - a potion of berserk rage {unknown}
 c - a potion of brilliance
 i - a potion of cancellation
 m - 2 potions of resistance
 o - 2 potions of flight
 r - 4 potions of magic
 s - 5 potions of curing
 C - 6 potions of heal wounds
 F - 2 potions of might
 H - 2 potions of haste
 R - a potion of degeneration {unknown}
Miscellaneous
 Q - a lightning rod (4/4)
 W - a phantom mirror
 X - a tin of tremorstones (2/2)


   Skills:
 + Level 3.7 Fighting
 + Level 3.3 Staves
 + Level 3.7 Dodging
 - Level 1.7 Stealth
 * Level 9.3 Spellcasting
 + Level 8.4 Conjurations
 - Level 3.0 Hexes
 + Level 8.9 Transmutations
 * Level 10.4 Earth Magic
 + Level 3.8 Poison Magic
 + Level 9.3 Evocations


You couldn't memorise any spells.
You knew the following spells:

 Your Spells              Type           Power      Damage    Failure   Level
a - Sandblast             Erth           100%       2d20      1%          1
b - Stone Arrow           Conj/Erth      100%       3d13      1%          3
i - Irradiate             Conj/Tmut      23%        3d19      1%          5
k - Lee's Rapid Deconstr  Erth           34%        3d17*     1%          5
o - Olgreb's Toxic Radia  Pois           26%        N/A       4%          4
p - Passwall              Tmut/Erth      55%        N/A       1%          2
t - Petrify               Tmut/Erth      66%        N/A       1%          4
y - Yara's Violent Unrav  Hex/Tmut       17%        3d8       4%          5

Your spell library contained the following spells:

 Spells                   Type           Power      Damage    Failure   Level
 Plasma Beam              Fire/Air       7%         2x1d19    41%         5
 Magic Dart               Conj           100%       1d8       1%          1
 Poisonous Vapours        Pois/Air       34%        N/A       1%          2
 Searing Ray              Conj           90%        2d7       1%          2
 Fulminant Prism          Conj/Hex       16%        3d10      1%          4
 Scorch                   Fire           28%        2d6       3%          2
 Flame Wave               Conj/Fire      41%        2d11      3%          4
 Iskenderun's Mystic Bla  Conj/Tloc      27%        2d7       3%          4
 Kindle Blastsparks       Fire/Tloc/Air  28%        2d12      5%          3
 Tukima's Dance           Hex            22%        N/A       6%          3
 Lesser Beckoning         Tloc           18%        N/A       11%         2
 Freezing Cloud           Conj/Ice/Air   16%        6-21      16%         5
 Animate Dead             Necr           9%         N/A       56%         4
 Passage of Golubria      Tloc           9%         N/A       56%         4
 Summon Lightning Spire   Summ/Air       9%         N/A       56%         4
 Silence                  Hex/Air        8%         N/A       71%         5
 Death Channel            Necr           4%         N/A       100%        6
 Summon Cactus Giant      Summ           4%         N/A       100%        6
 Animate Armour           Summ/Erth      Unusable   N/A       N/A         4

Dungeon Overview and Level Annotations

Branches:
Dungeon (11/15)            Temple (1/1) D:7            Lair (1/5) D:11
    Orc (2/2) D:10            Elf (0/3) Orc:2        Bailey (visited)

Altars:
Ashenzari
Cheibriados
Dithmenos
Elyvilon
Fedhas
Gozag
Hepliaklqana
Kikubaaqudgha
Makhleb
Nemelex Xobeh
Okawaru
Qazlal
Ru
Sif Muna
Trog
Uskayaw
Vehumet
Wu Jian
Xom
Yredelemnul
Zin
The Shining One

Shops:
D:7 [   Orc:2 (

Annotations:
D:3 1 runed translucent door, jazmu's ghost, amateur DgHu
D:8 1 runed translucent door, Sermion's ghost, novice DsBe


Innate Abilities, Weirdness & Mutations

You can breathe blasts of noxious fumes.
Your lurid green scales are hard. (AC +8)
You cannot fit into any form of body armour.
Your system is resistant to poisons. (rPois)
You are cold-blooded and may be slowed by cold attacks.


Message History

Casting: Petrify (mildly dangerous; 1% risk of failure)
Confirm with . or Enter, or press ? or * to list all spells.
Aiming: Lee's Rapid Deconstruction (mildly dangerous; 1% risk of failure)
Press: ? - help, Dir - move target A rock wall.
You feel a surge of power!
The wall shatters!
The blast of rock fragments hits the sun demon!!
The sun demon is severely wounded.
The sun demon hits you!
You are engulfed in flames.
You resist.
Unknown command.
Casting: Lee's Rapid Deconstruction (mildly dangerous; 1% risk of failure)
Confirm with . or Enter, or press ? or * to list all spells.
Aiming: Lee's Rapid Deconstruction (mildly dangerous; 1% risk of failure)
Press: ? - help, Dir - move target A rock wall.
You feel a surge of power!
The wall shatters!
The blast of rock fragments hits the sun demon.
The sun demon is severely wounded.
The sun demon completely misses you.
Casting: Lee's Rapid Deconstruction (mildly dangerous; 1% risk of failure)
Confirm with . or Enter, or press ? or * to list all spells.
Aiming: Lee's Rapid Deconstruction (mildly dangerous; 1% risk of failure)
Press: ? - help, Dir - move target A rock wall.
You feel a surge of power!
The wall shatters!
The blast of rock fragments hits the sun demon but does no damage.
The sun demon is severely wounded.
The sun demon hits you but does no damage.
Casting: Lee's Rapid Deconstruction (mildly dangerous; 1% risk of failure)
Confirm with . or Enter, or press ? or * to list all spells.
Aiming: Lee's Rapid Deconstruction (mildly dangerous; 1% risk of failure)
Press: ? - help, Dir - move target A rock wall.
You feel a surge of power!
The wall shatters!
The blast of rock fragments hits the sun demon but does no damage.
The sun demon is severely wounded.
The sun demon hits you!!
* * * LOW HITPOINT WARNING * * *
You are engulfed in flames!
You resist.
You die...

##.###...##
####...###...#
##.###...##..##
#...##..^..[[.#
##.##........##
##
##.#....)..[..#
.##
#.........#...#
..##
##....#.[....##
...#
##.#@3.>..#...#
#.##
#.............#
###
##.#..#.#.....#
#
##...###....##
# ##.## ##.###
### ###


You could see a sun demon.

Vanquished Creatures
  An orc warlord (Bailey)
  An ogre mage (D:10)
  Erica (D:10)
  A two-headed ogre (D:10)
  A boulder beetle (D:10)
  A tengu warrior (D:10)
  A skeletal warrior (D:10)
  A flayed ghost (D:8)
  A manticore (D:11)
  An orc sorcerer (Orc:2)
  Joseph (D:10)
  5 kobold demonologists
  4 trolls
  3 hornets
  5 wraiths
  3 shadows
  10 yaks
  A vampire (D:11)
  A wyvern (D:9)
  2 humans (D:8)
  Grum (D:10)
  13 fire bats (D:8)
  A basilisk (Lair:1)
  3 vampire mosquitoes (D:11)
  2 acid dragons
  17 orc warriors
  An ice beast (D:8)
  2 centaurs
  9 wolves
  12 kobold brigands
  3 bullfrogs
  6 scorpions
  5 wights
  11 killer bees
  3 howler monkeys
  16 orc priests
  3 hounds
  3 jellies
  2 sleepcaps
  6 iguanas
  Natasha (thrice) (D:4)
  17 orc wizards
  A hound skeleton (D:2)
  2 gnolls (Bailey)
  8 adders
  A shadow imp (D:7)
  2 ufetubi
  2 dart slugs
  48 orcs
  4 endoplasms
  4 giant cockroaches
  8 goblins
  6 hobgoblins
  2 jackals (D:4)
  5 quokkas
  3 training dummies (Orc:2)
  6 ball pythons
  2 ball python skeletons (D:2)
  A ball python zombie (D:2)
  67 bats
  4 frilled lizards
  44 kobolds
  A quokka zombie (D:2)
  2 rats
407 creatures vanquished.

Vanquished Creatures (others)
  A fungus (Lair:1)
  2 plants (D:8)
3 creatures vanquished.

Grand Total: 410 creatures vanquished

Notes
Turn   | Place    | Note
-------+----------+-------------------------------------------
     0 | D:1      | mopl the Draconian Earth Elementalist began the quest for
                  | the Orb.
     0 | D:1      | Reached XP level 1. HP: 14/14 MP: 3/3
   379 | D:1      | Reached XP level 2. HP: 20/20 MP: 3/5
   779 | D:2      | Found a burning altar of Makhleb.
   848 | D:2      | Reached XP level 3. HP: 26/26 MP: 0/6
   919 | D:2      | Reached skill level 2 in Transmutations
  1321 | D:2      | Identified the staff of earth "Diqevull" {rF+ SInv}
  1470 | D:3      | Reached XP level 4. HP: 33/33 MP: 6/8
  1508 | D:3      | Reached skill level 3 in Spellcasting
  1807 | D:3      | Reached skill level 4 in Earth Magic
  1807 | D:3      | Reached skill level 1 in Evocations
  1813 | D:3      | Reached XP level 5. HP: 38/38 MP: 2/9
  2067 | D:3      | Found a runed translucent door.
  2070 | D:3      | Noticed jazmu's ghost (amateur DgHu)
  2225 | D:4      | Found an opulent altar of Gozag.
  2273 | D:4      | Reached skill level 2 in Evocations
  2331 | D:4      | Identified the staff of fire "Fom Tuw" {rF+ Will++ SInv}
  2436 | D:4      | Reached XP level 6. HP: 45/45 MP: 9/11
  2473 | D:4      | Reached skill level 4 in Spellcasting
  2627 | D:4      | Reached skill level 5 in Earth Magic
  2627 | D:4      | Reached skill level 3 in Evocations
  2863 | D:4      | Noticed Natasha
  2867 | D:4      | Killed Natasha
  3425 | D:5      | Entered Level 5 of the Dungeon
  3495 | D:5      | Your scales start taking on a lurid green colour.
  3495 | D:5      | Reached XP level 7. HP: 50/50 MP: 10/13
  3495 | D:5      | Gained mutation: Your system is resistant to poisons.
                  | (rPois) [Green Draconian growth]
  3508 | D:5      | Learned a level 2 spell: Passwall
  3512 | D:5      | Learned a level 3 spell: Stone Arrow
  3517 | D:5      | Learned a level 4 spell: Petrify
  3714 | D:5      | Reached skill level 1 in Conjurations
  3951 | D:5      | Reached skill level 4 in Evocations
  4294 | D:5      | Learned a level 5 spell: Lee's Rapid Deconstruction
  4348 | D:6      | Reached skill level 2 in Conjurations
  4348 | D:6      | Reached skill level 3 in Transmutations
  4381 | D:6      | Identified the +5 scale mail of Words of Power {rN+ Stlth+}
  4433 | D:6      | Reached XP level 8. HP: 57/57 MP: 12/15
  4530 | D:6      | Reached skill level 5 in Spellcasting
  4550 | D:6      | Reached skill level 6 in Earth Magic
  4996 | D:4      | Noticed Natasha
  4998 | D:4      | Killed Natasha
  5137 | D:4      | Found an opulent altar of Gozag.
  6064 | D:4      | Noticed Natasha
  6069 | D:4      | Killed Natasha
  6466 | D:4      | Found an opulent altar of Gozag.
  7096 | D:7      | Reached skill level 3 in Conjurations
  7136 | D:7      | Found a staircase to the Ecumenical Temple.
  7149 | Temple   | Entered the Ecumenical Temple
  7156 | Temple   | Became a worshipper of Vehumet
  7315 | D:7      | Found a glowing golden altar of the Shining One.
  7315 | D:7      | Found a shimmering blue altar of Sif Muna.
  7463 | D:7      | Noticed a hornet
  7472 | D:7      | Killed a hornet
  7473 | D:7      | Reached skill level 4 in Transmutations
  7473 | D:7      | Reached skill level 5 in Evocations
  7497 | D:7      | Found Firyry's Antique Armour Boutique.
  7596 | D:8      | Found a transporter.
  7598 | D:8      | Found a transporter.
  7711 | D:8      | Reached XP level 9. HP: 48/62 MP: 8/17
  7739 | D:8      | Reached skill level 4 in Conjurations
  7792 | D:8      | Found a flagged portal.
  7810 | Bailey   | Entered a bailey
  7820 | Bailey   | Noticed an orc warlord
  7910 | Bailey   | Reached skill level 6 in Spellcasting
  7910 | Bailey   | Reached skill level 7 in Earth Magic
  7981 | Bailey   | Reached skill level 5 in Transmutations
  8097 | Bailey   | Found a runed translucent gate.
  8100 | Bailey   | Found a runed translucent gate.
  8102 | Bailey   | Found a runed translucent gate.
  8271 | Bailey   | Killed an orc warlord
  8272 | Bailey   | Reached skill level 5 in Conjurations
  8272 | Bailey   | Reached skill level 6 in Evocations
  8339 | Bailey   | Identified the ring "Jeisuoth" {Ice rCorr Str+3}
  8343 | Bailey   | Reached skill level 7 in Spellcasting
  8343 | Bailey   | Reached skill level 6 in Conjurations
  8343 | Bailey   | Reached skill level 7 in Transmutations
  8343 | Bailey   | Reached skill level 8 in Earth Magic
  8343 | Bailey   | Reached skill level 7 in Evocations
  8343 | Bailey   | Reached XP level 10. HP: 69/69 MP: 13/21
  8449 | D:8      | Found a transporter.
  8451 | D:8      | Found a transporter.
  8540 | D:8      | Found a glowing silver altar of Zin.
  8545 | D:8      | Reached * piety under Vehumet
  8545 | D:8      | Offered knowledge of Kiss of Death by Vehumet.
  8568 | D:8      | Reached skill level 9 in Earth Magic
  8569 | D:8      | Reached XP level 11. HP: 69/74 MP: 0/22
  8573 | D:8      | Reached skill level 7 in Conjurations
  8729 | D:8      | Reached skill level 8 in Evocations
  8743 | D:8      | Reached skill level 8 in Spellcasting
  8750 | D:8      | Offered knowledge of Shock by Vehumet.
  8754 | D:8      | Reached ** piety under Vehumet
  8774 | D:8      | Found a runed translucent door.
  8775 | D:8      | Found a basalt altar of Yredelemnul.
  8789 | D:8      | Found a glowing silver altar of Zin.
  8830 | D:8      | Found a snail-covered altar of Cheibriados.
  8867 | D:8      | Offered knowledge of Hailstorm by Vehumet.
  8877 | D:8      | Found a hazy altar of Hepliaklqana.
  8904 | D:8      | Reached *** piety under Vehumet
  8948 | D:8      | Found a shimmering altar of Xom.
  9012 | D:8      | Found a runed translucent door.
  9018 | D:8      | Noticed Sermion's ghost (novice DsBe)
  9160 | D:8      | Found an iron altar of Okawaru.
  9240 | D:8      | Noticed a flayed ghost
  9242 | D:8      | Found the +7 great mace "Firestarter" {flame, inner flame,
                  | rFlCloud rF++}
  9265 | D:8      | Identified the +4 spear "Recriops" {holy, rElec rF- rN+
                  | Int+5}
  9321 | D:8      | Killed a flayed ghost
  9322 | D:8      | Reached skill level 8 in Transmutations
  9327 | D:8      | Identified the +0 rapier "Pudoozot" {pain, Will++ rCorr}
  9462 | D:8      | Learned a level 5 spell: Yara's Violent Unravelling
  9637 | D:9      | Found a burning altar of Makhleb.
  9724 | D:8      | Offered knowledge of Olgreb's Toxic Radiance by Vehumet.
  9730 | D:8      | Learned a level 4 spell: Olgreb's Toxic Radiance
  9913 | D:9      | Found a broken altar of Ashenzari.
  9943 | D:9      | Reached skill level 2 in Dodging
 10049 | D:9      | Reached skill level 1 in Fighting
 10049 | D:9      | Reached skill level 1 in Staves
 10053 | D:9      | Reached skill level 1 in Hexes
 10059 | D:9      | Reached skill level 1 in Poison Magic
 10451 | D:10     | Entered Level 10 of the Dungeon
 10511 | D:10     | Noticed Joseph
 10512 | D:10     | Upgraded the game from 0.30-a0-924-g0ad0bf95bc to
                  | 0.30-a0-930-gb9d0489357
 10542 | D:10     | Killed Joseph
 10581 | D:10     | Identified the +8 trident of Focus {venom, rF++ Str-2
                  | Int+3}
 10619 | D:10     | Found a stormy altar of Qazlal.
 10741 | D:10     | Reached **** piety under Vehumet
 10749 | D:10     | Offered knowledge of Frozen Ramparts by Vehumet.
 10870 | D:10     | Noticed Erica
 10889 | D:10     | Killed Erica
 10891 | D:10     | Got Gomez's Anthology of Malevolent Secrets and the Boulder
 10958 | D:9      | Reached skill level 2 in Poison Magic
 11008 | D:10     | Reached skill level 2 in Fighting
 11008 | D:10     | Reached skill level 8 in Conjurations
 11052 | D:10     | Found a staircase to the Orcish Mines.
 11103 | D:10     | Noticed a two-headed ogre
 11103 | D:10     | Noticed Grum
 11107 | D:10     | Reached XP level 12. HP: 45/85 MP: 16/24
 11107 | D:10     | Killed a two-headed ogre
 11108 | D:10     | Reached skill level 2 in Staves
 11108 | D:10     | Noticed an ogre mage
 11109 | D:10     | Killed Grum
 11234 | D:9      | Reached skill level 2 in Hexes
 11272 | D:10     | Killed an ogre mage
 11273 | D:10     | Reached skill level 9 in Evocations
 11347 | D:10     | Noticed a tengu warrior
 11351 | D:10     | Killed a tengu warrior
 11352 | D:10     | Reached skill level 3 in Dodging
 11420 | D:10     | Identified the +4 rapier of Guilt {drain, rElec rPois rC+
                  | Dex+3}
 11427 | D:10     | Got the Codex of Fulgurant Distance
 11508 | D:10     | Noticed a boulder beetle
 11521 | D:10     | Killed a boulder beetle
 11522 | D:10     | Reached skill level 3 in Poison Magic
 11822 | Orc:1    | Entered Level 1 of the Orcish Mines
 11833 | Orc:1    | Reached skill level 3 in Fighting
 11974 | Orc:2    | Entered Level 2 of the Orcish Mines
 12070 | Orc:2    | Reached skill level 10 in Earth Magic
 12306 | Orc:2    | Found Pygi Byadde's Firing Range.
 12323 | Orc:2    | Reached ***** piety under Vehumet
 12343 | Orc:2    | Found a burning altar of Makhleb.
 12355 | Orc:2    | Offered knowledge of Irradiate by Vehumet.
 12356 | Orc:2    | Reached skill level 9 in Spellcasting
 12370 | Orc:2    | Learned a level 5 spell: Irradiate
 12692 | D:11     | Reached skill level 3 in Staves
 12772 | D:11     | Found a staircase to the Lair.
 12902 | D:11     | Found a bloodstained altar of Trog.
 13073 | Lair:1   | Entered Level 1 of the Lair of Beasts
 13281 | D:11     | Offered knowledge of Plasma Beam by Vehumet.
 13282 | D:11     | Reached skill level 3 in Hexes
 13642 | Orc:2    | Found a staircase to the Elven Halls.
 13678 | Orc:1    | Slain by a sun demon

Illustrated notes

Levels and vault maps discovered:
D:1:      elethiomel_arrival_maze, layout_basic, minmay_cupped
D:2:      layout_basic, serial_undead, serial_undead_c, serial_undead_a,
          serial_undead_a, serial_undead_c, basic_altar
D:3:      layout_basic, ebering_ghost_sewer_d
D:4:      layout_layer_cave, nicolae_gozag_seed_capital, minmay_hedge_maze,
          serial_park_tiny_2, uniq_natasha
D:5:      layout_loops_corners, serial_glass, glass_columns_a, glass_columns_b,
          due_unseen_surprise, feat_on_display, minmay_strange_pillars,
          grunt_decor_cap
D:6:      layout_basic
D:7:      layout_rooms, gammafunk_temple_overflow_elements,
          minmay_temple_entry_drinking_statues, serial_shops,
          kennysheep_little_box
D:8:      due_megacathedral, layout_gridville, okawaru_humans,
          ebering_ghost_funeral_grove, enter_bailey_6,
          nicolae_transporter_circle
D:9:      layout_long_grid, nicolae_ashenzari_skybound,
          overflow_temple_1_default
D:10:     minmay_the_grid_square_5x5_3x3 [minmay_the_grid_square_5x5_seven,
          minmay_the_grid_square_5x5_doubleslash,
          minmay_the_grid_square_5x5_two, minmay_the_grid_square_5x5_shrine1,
          minmay_the_grid_square_5x5_megaprize_diamond,
          minmay_the_grid_square_5x5_z, minmay_the_grid_square_5x5_one_wall,
          minmay_the_grid_square_5x5_beaten_path,
          minmay_the_grid_square_5x5_eight_small], layout_basic,
          amcnicky_altar_gilded, david_orc_4, uniq_joseph, uniq_grum, uniq_erica
D:11:     layout_loops_ring, lair_entry_dummy, trog_hazing_becter
Temple:   nicolae_temple_no_exploring_needed
Lair:1:   gammafunk_worm_tunnel, layout_chaotic_city,
          infiniplex_staircase_pool_2
Orc:1:    layout_caves
Orc:2:    pf_orc_diabolical, layout_caves, basic_altar,
          dreamdust_deal_with_the_devil, nicolae_shop_firing_range

Skill      XL: |  1  2  3  4  5  6  7  8  9 10 11 12 |
---------------+-------------------------------------+-----
Transmutations | 2 3 4 7 8 |  8.9
Spellcasting   | 3 4 5 7 8 9 |  9.3
Earth Magic    | 4 5 6 8 9 10 | 10.4
Evocations     | 1 2 3 4 5 7 8 9 |  9.3
Conjurations   | 2 3 6 8 |  8.4
Dodging        | 2 3 |  3.7
Fighting       | 2 3 |  3.7
Staves         | 1 3 |  3.3
Hexes          | 1 3 |  3.0
Poison Magic   | 2 3 |  3.8
Stealth        | |  1.7

Action                     |  1- 3 |  4- 6 |  7- 9 | 10-12 || total
---------------------------+-------+-------+-------+-------++-------
  Melee: Staff             |    23 |    10 |    33 |   208 ||   274
         Unarmed           |     2 |       |       |       ||     2
         Tailslap          |     5 |     2 |     6 |    37 ||    50
         Rapier            |       |       |       |    11 ||    11
         Punch             |       |       |       |     2 ||     2
  Throw: Dart              |       |       |     1 |       ||     1
   Cast: Sandblast         |    46 |    58 |   145 |   219 ||   468
         Passwall          |       |       |     3 |       ||     3
         Petrify           |       |       |     6 |     9 ||    15
         Lee's Rapid Decon |       |       |     2 |    40 ||    42
         Olgreb's Toxic Ra |       |       |       |    38 ||    38
Ability: Breathe Noxious F |       |       |     6 |     3 ||     9
  Evoke: Wand              |       |       |    15 |     2 ||    17
    Use: Scroll            |       |       |     7 |     1 ||     8
         Potion            |       |       |     3 |     1 ||     4
   Stab: Petrified         |       |       |     9 |    16 ||    25
         Paralysed         |       |       |     3 |       ||     3
         Confused          |       |       |     1 |     1 ||     2
 Armour: Skin              |    11 |     6 |    32 |   221 ||   270
  Dodge: Dodged            |    28 |    17 |    76 |   357 ||   478
  Block: Other             |     4 |       |       |       ||     4

Table legend: (Time is in decaauts)
 A = Elapsed time spent in this place.
 B = Non-inter-level travel time spent in this place.
 C = Inter-level travel time spent in this place.
 D = Time resting spent in this place.
 E = Time spent auto-exploring this place.
 F = Levels seen in this place.
 G = Mean time per level.
                   A        B        C        D        E       F      G
               +--------+--------+--------+--------+--------+-----+--------+
         Total |  14031 |  13292 |    739 |   1257 |   9186 |  16 |  876.9 |
       Dungeon |  12479 |  11886 |    593 |   1026 |   8653 |  11 | 1134.5 |
        Temple |     13 |      7 |      6 |      0 |      0 |   1 |   13.0 |
          Lair |     51 |     49 |      2 |      0 |      0 |   1 |   51.0 |
  Orcish Mines |    879 |    744 |    135 |    100 |    353 |   2 |  439.5 |
        Bailey |    608 |    608 |      0 |    131 |    179 |   1 |  608.0 |
               +--------+--------+--------+--------+--------+-----+--------+

Top non-repeatable levels by time:
     D:4: 3253 daAuts
     D:8: 1555 daAuts
    D:10: 1328 daAuts
     D:9: 1014 daAuts
     D:5: 940 daAuts
    D:11: 869 daAuts
     D:3: 859 daAuts
     D:1: 703 daAuts
     D:2: 699 daAuts
   Orc:2: 660 daAuts
     D:6: 640 daAuts
     D:7: 614 daAuts
  Bailey: 608 daAuts
   Orc:1: 218 daAuts
  Lair:1: 51 daAuts
